 Dungeon Crawl Stone Soup version 0.31-a0-1610-g9787180647 (webtiles) character file.

Game seed: 12313099594705691267

226 yokelz the Ruffian (level 5, 0/63 HPs)
             Began as a Draconian Shapeshifter on Jan 8, 2024.
             Was an Initiate of Cheibriados.
             Succumbed to an adder's poison
             ... on level 5 of the Dungeon.
             The game lasted 00:05:37 (2969 turns).

yokelz the Ruffian (Draconian Shapeshifter)         Turns: 2969, Time: 00:05:38

Health: 0/63       AC: 22    Str: 18    XL:     5   Next: 69%
Magic:  5/5        EV:  2    Int: 11    God:    Cheibriados [......]
Gold:   342        SH:  0    Dex: 13    Spells: 4/4 levels left

rFire   . .          .
                       - Unarmed
rCold   . . .        (no shield)
rNeg    . . .        (body armour unavailable)
rPois   +            (helmet currently unavailable)
rElec   .            (cloak currently unavailable)
rCorr   .            (gloves currently unavailable)
SInv    .            (boots currently unavailable)
Will    .....        (no amulet)
Stlth   +            (no ring)
HPRegen 0.30/turn    (no ring)
MPRegen 0.09/turn

%: no passive effects
@: lethally poisoned (0 -> -7), on fire, tree-form, glowing, very slow
A: stationary, stasis, torment immunity, boosted hp, AC +5, unfitting armour,
(cold-blooded)
a: Renounce Religion


You were on level 5 of the Dungeon.
You worshipped Cheibriados.
Cheibriados was noncommittal.
You were a tree.
You visited 2 branches of the dungeon, and saw 6 of its levels.

You collected 342 gold pieces.

Inventory:

Missiles
 l - 5 poisoned darts (quivered)
Armour
 i - a +2 pair of boots of stealth
 s - a +1 pair of gloves
Talismans
 b - a beast talisman
 c - a flux talisman
Scrolls
 f - 2 scrolls of enchant weapon {unknown}
 g - 4 scrolls of identify {unknown}
 h - a scroll of torment {unknown}
 k - a scroll of blinking {unknown}
 p - a scroll of butterflies {unknown}
 q - a scroll of enchant armour {unknown}
Potions
 a - 3 potions of lignification
 d - a potion of might {unknown}
 e - 2 potions of mutation {unknown}
 j - a potion of curing {unknown}
 m - a potion of cancellation {unknown}
 n - a potion of brilliance {unknown}
 o - a potion of berserk rage {unknown}
 r - a potion of enlightenment {unknown}


   Skills:
 + Level 2.5 Fighting
 + Level 2.7 Dodging
 + Level 2.0 Stealth
 + Level 4.4 Unarmed Combat
 + Level 3.6 Shapeshifting


You had 4 spell levels left.
You didn't know any spells.
Your spell library contained the following spells:

 Spells                   Type           Power      Damage    Failure   Level
 Magic Dart               Conj           0%         1d3       34%         1
 Blink                    Tloc           0%         N/A       47%         2
 Lesser Beckoning         Tloc           0%         N/A       47%         2
 Momentum Strike          Conj/Tloc      0%         3d8       47%         2
 Searing Ray              Conj           0%         2d4       47%         2
 Summon Ice Beast         Ice/Summ       0%         N/A       71%         3
 Fulminant Prism          Conj/Alch      0%         3d5       98%         4
 Summon Mana Viper        Hex/Summ       0%         N/A       100%        5
 Monstrous Menagerie      Summ           0%         N/A       100%        7


Dungeon Overview and Level Annotations

Branches:
Dungeon (5/15)             Temple (1/1) D:5

Altars:
Cheibriados
Dithmenos
Fedhas
Gozag
Kikubaaqudgha
Nemelex Xobeh
Okawaru
Ru
Uskayaw
Vehumet
Wu Jian
Zin

Annotations:
D:4 Grinder, Ijyb
D:5 exclusion: ice beast


Innate Abilities, Weirdness & Mutations

You are a tree.
Your roots penetrate the ground, keeping you stationary.
You cannot be teleported.
You are immune to unholy pain and torment.
Your maximum health is greatly increased.
Your equipment is partially melded.
((Your plain brown scales are hard. (AC +5)))
You cannot fit into any form of body armour.
((You are cold-blooded and may be slowed by cold attacks.))


Message History

You hit the bombardier beetle.
The bombardier beetle is severely wounded.
The liquid fire burns you! The adder completely misses you.
The bombardier beetle sprays incendiary fluid at you.
The burning spray hits you.
You are even more covered in liquid fire!
You hit the bombardier beetle but do no damage.
The bombardier beetle is severely wounded.
The liquid fire burns you! The adder barely misses you.
You hit the bombardier beetle but do no damage.
The bombardier beetle is severely wounded.
The liquid fire burns you! The adder bites you but does no damage.
The bombardier beetle sprays incendiary fluid at you.
The burning spray hits you.
You are even more covered in liquid fire!
You hit the bombardier beetle.
The bombardier beetle is almost dead.
The liquid fire burns you! The adder bites you but does no damage.
The bombardier beetle bites you. The adder bites you.
* * * LOW HITPOINT WARNING * * *
You are poisoned.
The adder poisons you!
You completely miss the bombardier beetle.
Your tail-slap misses the bombardier beetle.
The bombardier beetle is almost dead.
The liquid fire burns you!
* * * LOW HITPOINT WARNING * * *
You feel sick. The adder bites you.
* * * LOW HITPOINT WARNING * * *
You are lethally poisoned!
The adder poisons you!
Your transformation has ended.
You turn into a tree.
Your roots penetrate the ground.
The liquid fire burns you!
* * * LOW HITPOINT WARNING * * *
You die...

#.......##..###.....#..
#..>...................
#.......###.#.......... ..
#.......# #............
...#.###..## ###..........
.....###..######..........
..............##..........
..........B...##..........
.###....S♣..(.###.........
#..........# ##.....#..
############ #########


You could see a bombardier beetle and an adder.

Vanquished Creatures
  A jelly (D:5)
  Natasha (thrice) (D:2)
  5 adders
  3 dart slugs
  2 orcs (D:3)
  8 ball pythons
  3 endoplasms
  5 giant cockroaches
  7 goblins
  5 hobgoblins
  4 jackals (D:4)
  5 kobolds
  3 quokkas
  6 bats
  3 frilled lizards
  5 rats
68 creatures vanquished.

Notes
Turn   | Place    | Note
-------+----------+-------------------------------------------
     0 | D:1      | yokelz the Draconian Shapeshifter began the quest for the
                  | Orb.
     0 | D:1      | Reached XP level 1. HP: 16/16 MP: 1/1
   140 | D:1      | Reached XP level 2. HP: 16/23 MP: 2/2
   605 | D:1      | Reached XP level 3. HP: 28/28 MP: 3/3
   725 | D:2      | Reached skill level 4 in Unarmed Combat
   921 | D:2      | Noticed Natasha
  1032 | D:2      | Killed Natasha
  1033 | D:2      | Reached skill level 1 in Stealth
  1033 | D:2      | Reached XP level 4. HP: 20/36 MP: 4/4
  1084 | D:2      | Noticed Natasha
  1092 | D:2      | Killed Natasha
  1106 | D:2      | Noticed Natasha
  1112 | D:2      | Killed Natasha
  1461 | D:2      | Reached XP level 5. HP: 31/41 MP: 5/5
  1886 | D:3      | Found an iron altar of Okawaru.
  2189 | D:4      | Noticed Ijyb
  2475 | D:4      | Noticed Grinder
  2763 | D:5      | Entered Level 5 of the Dungeon
  2763 | D:5      | Found a staircase to the Ecumenical Temple.
  2781 | Temple   | Entered the Ecumenical Temple
  2854 | D:5      | Found a sparkling altar of Nemelex Xobeh.
  2913 | D:5      | Found a snail-covered altar of Cheibriados.
  2914 | D:5      | Found a blossoming altar of Fedhas.
  2914 | D:5      | Noticed an ice beast
  2918 | D:5      | Became a worshipper of Cheibriados the Contemplative
  2969 | D:5      | HP: 1/63 [burnt (5)]
  2969 | D:5      | Succumbed to an adder's poison

Illustrated notes

Levels and vault maps discovered:
D:1:      lightli_iron_boxes, layout_loops_ring
D:2:      layout_rooms, minmay_randomly_rotated_circles, uniq_natasha
D:3:      layout_loops_ring, mainiacjoe_overflow_alcove_1, minivault_24
D:4:      layout_rooms, uniq_ijyb, uniq_grinder
D:5:      layout_rooms, jmf_multi_god_temple, nemelex_diamond_rough_becter,
          minmay_temple_entry_offerings
Temple:   nicolae_temple_godpark

Skill      XL: |  1  2  3  4  5 |
---------------+----------------+-----
Unarmed Combat | 4 |  4.4
Dodging        | 2 |  2.7
Stealth        | 1 2 |  2.0
Fighting       | 2 |  2.5
Shapeshifting  | |  3.6

Action                     |  1- 3 |  4- 6 || total
---------------------------+-------+-------++-------
  Melee: Unarmed           |    84 |    80 ||   164
         Tailslap          |     6 |    10 ||    16
         Punch             |     1 |     2 ||     3
    Use: Potion            |       |     1 ||     1
   Stab: Sleeping          |     1 |     3 ||     4
 Armour: Skin              |    62 |    43 ||   105
  Dodge: Dodged            |    87 |    39 ||   126

Table legend: (Time is in decaauts)
 A = Elapsed time spent in this place.
 B = Non-inter-level travel time spent in this place.
 C = Inter-level travel time spent in this place.
 D = Time resting spent in this place.
 E = Time spent auto-exploring this place.
 F = Levels seen in this place.
 G = Mean time per level.
                   A        B        C        D        E       F      G
               +--------+--------+--------+--------+--------+-----+--------+
         Total |   2969 |   2824 |    145 |    301 |   2001 |   6 |  494.8 |
       Dungeon |   2962 |   2817 |    145 |    301 |   2001 |   5 |  592.4 |
        Temple |      7 |      7 |      0 |      0 |      0 |   1 |    7.0 |
               +--------+--------+--------+--------+--------+-----+--------+

Top non-repeatable levels by time:
     D:1: 773 daAuts
     D:2: 755 daAuts
     D:3: 639 daAuts
     D:4: 586 daAuts
     D:5: 206 daAuts
  Temple: 7 daAuts
